 Seeded DCSS version 0.26.1-12-g5ba1501909 (webtiles) character file.

Game seed: 20211018 (custom seed)

95 jessy the Skirmisher (level 4, -2/50 HPs)
             Began as an Ogre Berserker on Oct 18, 2021.
             Was a Believer of Trog.
             Slain by an elf skeleton (5 damage)
             ... on level 4 of the Dungeon.
             The game lasted 00:12:52 (1678 turns).

jessy the Skirmisher (Ogre Berserker)               Turns: 1678, Time: 00:12:53

Health: -2/50      AC:  3    Str: 21    XL:     4   Next: 65%
Magic:  4/4        EV: 10    Int:  8    God:    Trog [**....]
Gold:   126        SH:  0    Dex:  9    Spells: 3/3 levels left

rFire    + . .     SeeInvis .   k - +1 short sword (speed)
rCold    x . .     Faith    .   (no shield)
rNeg     . . .     Spirit   .   b - +0 animal skin
rPois    .         Reflect  .   (helmet restricted)
rElec    .         Harm     .   (no cloak)
rCorr    .         Rampage  .   (gloves unavailable)
Will     .....                  (boots unavailable)
Stlth    +.........             (no amulet)
HPRegen  0.16/turn              s - ring of fire
MPRegen  0.09/turn              (no ring)

@: no status effects
A: large, unfitting armour, tough skin 1
a: Renounce Religion, Berserk, Trog's Hand


You were on level 4 of the Dungeon.
You worshipped Trog.
Trog was pleased with you.
You visited 1 branch of the dungeon, and saw 4 of its levels.

You collected 126 gold pieces.

Inventory:

Hand Weapons
 a - a +0 hand axe
 c - a +0 spear
 d - a +0 whip
 k - a +1 short sword of speed (weapon)
 n - a +0 flail
 p - a +0 hunting sling
Missiles
 e - 25 stones (quivered)
 f - 2 boomerangs
 o - 7 arrows
Armour
 b - a +0 animal skin (worn)
 l - a +0 ring mail
 m - a +0 ring mail
 r - a +0 leather armour
 u - a +0 leather armour
Jewellery
 s - a ring of fire (left hand)
Scrolls
 g - a scroll of amnesia
 h - a scroll of identify {unknown}
 i - a scroll of enchant armour {unknown}
 q - a scroll of blinking {unknown}
Potions
 j - a potion of resistance {unknown}
 t - a potion of flight {unknown}


   Skills:
 + Level 5.0 Fighting
 + Level 1.2 Short Blades
 + Level 3.6 Axes
 + Level 0.3(2.0) Maces & Flails
 + Level 3.3 Dodging


You had 3 spell levels left.
You didn't know any spells.
Your spell library was empty.

Dungeon Overview and Level Annotations

Branches:
Dungeon (4/15)
 Temple: D:4-7

Altars:
Ashenzari
Sif Muna


Innate Abilities, Weirdness & Mutations

You are too large for most types of armour.
You have tough skin. (AC +1)


Message History

You hit the elf skeleton.
The elf skeleton is heavily damaged.
The elf skeleton hits you.
* * * LOW HITPOINT WARNING * * *
You closely miss the elf skeleton.
The elf skeleton is heavily damaged.
The elf skeleton hits you!
* * * LOW HITPOINT WARNING * * *
You hit the elf skeleton.
The elf skeleton is heavily damaged.
You hit the elf skeleton.
The elf skeleton is severely damaged.
The elf skeleton hits you.
* * * LOW HITPOINT WARNING * * *
You barely miss the elf skeleton.
The elf skeleton is severely damaged.
You hit the elf skeleton.
The elf skeleton is severely damaged.
The elf skeleton hits you.
You die...

....# #....# ...##
##############....# ####
#.................# #####
#'#######.........# ....#
#.# #.......### ....#
#.#+#+# #.......# ...)####
#.'...+ #.......# ...†'.<#
###...###.......#
....########.'..@Z.#.......#
.....†>...####'#'###.......#
....#####.# +.#.+ #.......#
##### #.# #######.......#
#.# #.........# #.#
#....#.#### #.#
#....#.######### #.#
#............... #.#
#...........#


You could see an elf skeleton.

Vanquished Creatures
  A human zombie (D:4)
  2 adders
  A dart slug (D:1)
  2 leopard geckos
  An orc (D:3)
  6 bats
  5 giant cockroaches
  5 goblins (D:1)
  A hobgoblin (D:1)
  2 jackals (D:4)
  6 kobolds
  A ball python (D:3)
  An orc skeleton (D:4)
  3 rats
37 creatures vanquished.

Notes
Turn   | Place    | Note
-------+----------+-------------------------------------------
     0 | D:1      | jessy the Ogre Berserker began the quest for the Orb.
     0 | D:1      | Reached XP level 1. HP: 24/24 MP: 1/1
   135 | D:1      | Reached XP level 2. HP: 15/32 MP: 2/2
   442 | D:2      | Reached XP level 3. HP: 21/40 MP: 3/3
  1110 | D:3      | Reached ** piety under Trog
  1373 | D:4      | Found a shimmering blue altar of Sif Muna.
  1389 | D:4      | Found a broken altar of Ashenzari.
  1457 | D:4      | Reached XP level 4. HP: 49/49 MP: 4/4
  1627 | D:4      | Reached skill level 5 in Fighting
  1627 | D:4      | Reached skill level 1 in Short Blades
  1676 | D:4      | HP: 2/50 [elf skeleton (4)]
  1678 | D:4      | Slain by an elf skeleton

Illustrated notes

Levels and vault maps discovered:
D:1:      co_arrival_square_in_a_square_in_a_square, layout_basic,
          chequers_serial_rivers_marsh
D:2:      layout_basic
D:3:      layout_basic, kennysheep_generic_room_11
D:4:      layout_basic, amethyst_overflow_temple_binary,
          nicolae_ossuary_entry_catacombs

Skill      XL: |  1  2  3  4 |
---------------+-------------+-----
Dodging        | 3 |  3.3
Fighting       | 5 |  5.0
Short Blades   | 1 |  1.2
Axes           | |  3.6
Maces & Flails | |  0.3

Action                   |  1- 3 |  4- 6 || total
-------------------------+-------+-------++-------
Melee: Hand axe          |    50 |       ||    50
       Short sword       |    48 |    45 ||    93
       Flail             |    22 |       ||    22
  Use: Potion            |     2 |       ||     2
       Scroll            |     1 |       ||     1
Armor: Animal skin       |    96 |     3 ||    99
Dodge: Dodged            |   138 |     8 ||   146
